 Dungeon Crawl Stone Soup version 0.32-a0-893-gf85d74f360 (webtiles) character file.

Game seed: 18246819967960970034

84 pokedragonboy the Trooper (level 4, -4/35 HPs)
             Began as a Coglin Fighter on Apr 3, 2024.
             Slain by an orc
             ... wielding a +2 dagger of electrocution
              (12 damage)
             ... on level 3 of the Dungeon.
             The game lasted 00:02:31 (1412 turns).

pokedragonboy the Trooper (Coglin Fighter)          Turns: 1412, Time: 00:02:32

Health: -4/35      AC:  7    Str: 18    XL:     4   Next: 46%
Magic:  4/4        EV:  8    Int:  7    God:
Gold:   64         SH:  4    Dex: 14    Spells: 3/3 levels left

rFire   . . .        a - +0 war axe {Fatehjeet}
rCold   . . .        c - +0 buckler
rNeg    . . .        b - +0 scale mail
rPois   .            h - +0 helmet
rElec   .            (no cloak)
rCorr   .            (no gloves)
SInv    .            (no boots)
Will    .....        (amulet unavailable) Stlth
                     (ring unavailable)
HPRegen 0.25/turn    (ring unavailable)
MPRegen 0.09/turn    (no gizmo)

%: no passive effects
@: revved
A: off-hand wielding, slow wielding, warmup strikes, no jewellery
a: Invent Gizmo


You were on level 3 of the Dungeon.
You visited 1 branch of the dungeon, and saw 3 of its levels.

You collected 64 gold pieces.

Inventory:

Hand Weapons
 a - a +0 war axe (weapon) {Fatehjeet}
Armour
 b - a +0 scale mail (worn)
 c - a +0 buckler (worn)
 h - a +0 helmet (worn)
Scrolls
 e - a scroll of silence {unknown}
 i - a scroll of enchant weapon {unknown}
 k - a scroll of fear {unknown}
 l - a scroll of vulnerability {unknown}
Potions
 d - a potion of might
 f - a potion of lignification {unknown}
 g - 2 potions of enlightenment {unknown}
 j - a potion of resistance {unknown}


   Skills:
 + Level 3.4 Fighting
 * Level 3.2 Axes
 + Level 3.1 Armour
 - Level 2.1 Shields
 + Level 1.2 Invocations


You had 3 spell levels left.
You didn't know any spells.
Your spell library contained the following spells:

 Spells                   Type           Power      Damage    Failure   Level
 Sting                    Conj/Alch      0%         1d3       88%         1
 Mercury Vapours          Alch/Air       0%         N/A       96%         2
 Call Canine Familiar     Summ           0%         N/A       99%         3
 Sigil of Binding         Hex            0%         N/A       99%         3
 Dimensional Bullseye     Hex/Tloc       0%         N/A       100%        4
 Olgreb's Toxic Radiance  Alch           0%         N/A       100%        4


Dungeon Overview and Level Annotations

Branches:
Dungeon (3/15)

Altars:

Annotations:
D:2 1 runed translucent door, Crazy Yiuf


Innate Abilities, Weirdness & Mutations

You can wield a second weapon in your off-hand.
It takes a long time for you to wield or remove held weapons.
Your first few attacks do less damage.
You cannot equip rings or amulets.


Message History

The orc shouts! x2; You hear a shout!
An orc comes into view.
It is wielding a +2 dagger of electrocution.
An orc comes into view. It is wielding a +0 whip.
Found 9 gold pieces.
Found a stone staircase leading down.
The orc shouts!
You barely miss the orc.
The orc hits you with a +1 flail of protection.
You slash the orc!
You kill the orc!
You closely miss the orc. The orc barely misses you.
You hit the orc.
The orc is heavily wounded.
The orc misses you.
The orc hits you with a +1 flail of protection.
The orc hits you with a +0 dagger.
You closely miss the orc.
The orc is heavily wounded.
You hit the orc. You block the orc's attack.
The orc hits you but does no damage.
You slash the orc!
You kill the orc!
You hit the orc. x2; The orc barely misses you.
The orc hits you with a +1 flail of protection.
The orc closely misses you.
The orc hits you with a +1 flail of protection!
The orc barely misses you.
You hit the orc.
The orc is almost dead.
You barely miss the orc. You closely miss the orc.
The orc hits you with a +0 whip.
The orc hits you with a +2 dagger of electrocution.
The orc barely misses you.
Unknown command.
You slash the orc!
You kill the orc!
You hit the orc. You closely miss the orc. The orc hits you with a +0 whip.
The orc hits you with a +2 dagger of electrocution.
* * * LOW HITPOINT WARNING * * *
You are electrocuted!
You die...

#. ..+ ...
#.# ..#....
#### #.#
..#....
.......
>...=..
#..#.#
$...... ....
.......
#.###o......
#...@).#
#<...o.#
#..........
#.###.......
#.# .....#.
#.# .....#
... .#####
#.. .# #..


You could see 2 orcs.

Vanquished Creatures
  Robin (D:2)
  An adder (D:2)
  A gnoll (D:1)
  A dart slug (D:2)
  A ribbon worm (D:2)
  3 orcs (D:3)
  5 bats
  4 endoplasms
  2 giant cockroaches
  8 goblins
  9 hobgoblins
  4 kobolds
  A ball python (D:1)
  2 frilled lizards
  A rat (D:2)
44 creatures vanquished.

Notes
Turn   | Place    | Note
-------+----------+-------------------------------------------
     0 | D:1      | pokedragonboy the Coglin Fighter began the quest for the
                  | Orb.
     0 | D:1      | Reached XP level 1. HP: 18/18 MP: 1/1
     2 | D:1      | You fall into a shaft and drop 1 floor!
    25 | D:2      | Noticed Robin
    32 | D:2      | Reached XP level 2. HP: 11/24 MP: 2/2
    35 | D:2      | Killed Robin
    57 | D:2      | Reached XP level 3. HP: 3/29 MP: 3/3
   335 | D:2      | Reached skill level 1 in Invocations
   792 | D:1      | Reached XP level 4. HP: 35/35 MP: 4/4
  1248 | D:2      | Found a runed translucent door.
  1249 | D:2      | Noticed Crazy Yiuf
  1412 | D:3      | Slain by an orc

Illustrated notes

Levels and vault maps discovered:
D:1:      heliophobic_arrival_henge, layout_loops_ring
D:2:      layout_rooms, uniq_crazy_yiuf_cottage, uniq_robin
D:3:      layout_basic, lemuel_crystal_altar

Skill      XL: |  1  2  3 |
---------------+----------+-----
Armour         | 3 |  3.1
Invocations    | 1 |  1.2
Axes           | 3 |  3.2
Fighting       | |  3.4
Shields        | |  2.1

Action                     |  1- 3 |  4- 6 || total
---------------------------+-------+-------++-------
  Melee: War axe           |    68 |    37 ||   105
 Armour: Scale mail        |    72 |    32 ||   104
  Dodge: Dodged            |    44 |    17 ||    61
  Block: Buckler           |    18 |     8 ||    26

Table legend: (Time is in decaauts)
 A = Elapsed time spent in this place.
 B = Non-inter-level travel time spent in this place.
 C = Inter-level travel time spent in this place.
 D = Time resting spent in this place.
 E = Time spent auto-exploring this place.
 F = Levels seen in this place.
 G = Mean time per level.
                   A        B        C        D        E       F      G
               +--------+--------+--------+--------+--------+-----+--------+
         Total |   1453 |   1410 |     43 |    165 |    983 |   3 |  484.3 |
       Dungeon |   1453 |   1410 |     43 |    165 |    983 |   3 |  484.3 |
               +--------+--------+--------+--------+--------+-----+--------+

Top non-repeatable levels by time:
     D:2: 723 daAuts
     D:1: 717 daAuts
     D:3: 12 daAuts
